 Dungeon Crawl Stone Soup version 0.31-a0-654-gbe3e110b4e (webtiles) character file.

Game seed: 15192485917306722974

60 Maratek the Shield-Bearer (level 4, -3/41 HPs)
             Began as a Gnoll Fighter on Aug 29, 2023.
             Slain by a gnoll
             ... wielding a +0 spear
              (4 damage)
             ... on level 3 of the Dungeon.
             The game lasted 00:01:32 (1553 turns).

Maratek the Shield-Bearer (Gnoll Fighter)           Turns: 1553, Time: 00:01:33

Health: -3/41      AC:  7    Str: 17    XL:     4   Next: 6%
Magic:  5/5        EV:  9    Int:  7    God:
Gold:   141        SH:  5    Dex: 12    Spells: 5/5 levels left

rFire   . . .        a - +0 war axe
rCold   . . .        c - +0 buckler
rNeg    . . .        b - +0 scale mail
rPois   .            (no helmet)
rElec   .            (no cloak)
rCorr   .            (no gloves)
SInv    .            (no boots)
Will    .....        (no amulet) Stlth
                     (no ring)
HPRegen 0.26/turn    (no ring)
MPRegen 0.09/turn

%: no passive effects
@: mighty
A: fangs 1, strong nose, distributed training
a: no special abilities


You were on level 3 of the Dungeon.
You visited 1 branch of the dungeon, and saw 3 of its levels.

You collected 141 gold pieces.

Inventory:

Hand Weapons
 a - a +0 war axe (weapon)
Armour
 b - a +0 scale mail (worn)
 c - a +0 buckler (worn)
Jewellery
 h - an amulet of magic regeneration
Scrolls
 f - a scroll of identify {unknown}
 g - a scroll of fear {unknown}
 j - a scroll of enchant weapon {unknown}
Potions
 e - a potion of ambrosia {unknown}
 i - 2 potions of mutation {unknown}
 k - a potion of cancellation {unknown}


   Skills:
 + Level 6.6 Fighting
 + Level 1.0 Short Blades
 + Level 1.0 Long Blades
 + Level 4.6 Axes
 + Level 1.0 Maces & Flails
 + Level 1.0 Polearms
 + Level 1.0 Staves
 + Level 1.0 Ranged Weapons
 + Level 1.0 Throwing
 + Level 6.6 Armour
 + Level 1.0 Dodging
 + Level 1.0 Stealth
 + Level 6.6 Shields
 + Level 1.0 Unarmed Combat
 + Level 1.0 Spellcasting
 + Level 0.8 Conjurations
 + Level 0.8 Hexes
 + Level 0.8 Summonings
 + Level 0.8 Necromancy
 + Level 0.8 Translocations
 + Level 0.8 Transmutations
 + Level 0.8 Fire Magic
 + Level 0.8 Ice Magic
 + Level 0.8 Air Magic
 + Level 0.8 Earth Magic
 + Level 0.8 Poison Magic
 + Level 1.1 Invocations
 + Level 1.0 Evocations
 + Level 1.0 Shapeshifting


You had 5 spell levels left.
You didn't know any spells.
Your spell library contained the following spells:

 Spells                   Type           Power      Damage    Failure   Level
 Summon Small Mammal      Summ           4%         N/A       73%         1
 Petrify                  Tmut/Erth      1%         N/A       100%        4
 Summon Mana Viper        Hex/Summ       1%         N/A       100%        5
 Summon Horrible Things   Summ           0%         N/A       100%        8


Dungeon Overview and Level Annotations

Branches:
Dungeon (3/15)

Altars:

Shops:
D:1 [


Innate Abilities, Weirdness & Mutations

You have very sharp teeth.
Your uncanny sense of smell can sniff out nearby items.
Your experience applies equally to all skills.


Message History

You hit the gnoll but do no damage.
The gnoll is moderately wounded.
The gnoll hits you with a +0 spear.
You barely miss the gnoll.
The gnoll is moderately wounded.
You slash the gnoll!
You kill the gnoll!
The gnoll hits you from afar with a +0 spear.
The gnoll barely misses you.
Your Shapeshifting skill increases to level 1!
You have reached level 4!
You feel agile. The gnoll hits you with a +0 spear.
Things that are here:
a +0 whip; a gnoll corpse You barely miss the gnoll.
The gnoll is moderately wounded.
The gnoll hits you but does no damage. x2
The gnoll hits you from afar with a +0 spear.
You closely miss the gnoll.
The gnoll is moderately wounded.
The gnoll hits you but does no damage. The gnoll closely misses you.
You completely miss the gnoll.
The gnoll is moderately wounded.
The gnoll hits you with a +0 spear. The gnoll barely misses you.
You hit the gnoll.
The gnoll is heavily wounded.
The gnoll hits you with a +0 spear.
The gnoll hits you from afar with a +0 spear.
* * * LOW HITPOINT WARNING * * *
The gnoll hits you with a +0 spear.
* * * LOW HITPOINT WARNING * * *
You feel very mighty all of a sudden. The gnoll closely misses you.
The gnoll hits you with a +0 spear.
* * * LOW HITPOINT WARNING * * *
You closely miss the gnoll.
The gnoll is heavily wounded.
You block the gnoll's attack. The gnoll closely misses you.
The gnoll hits you from afar with a +0 spear.
You die...

.. #.#.# #.. #.#.#####
#... #.......#
#...#+##+###.#.###.##
#.........##.)........
#.........##.#........
#.........##(#####.###
#.........#####.#####
...g........gg@.........
##.#.###.###g#####.#####
# #.........# #
#.######### ... #.# #.#


You could see 3 gnolls.

Vanquished Creatures
  A gnoll (D:3)
  2 adders
  An endoplasm (D:1)
  6 goblins
  5 hobgoblins
  4 kobolds
  2 quokkas
  6 ball pythons
  A bat (D:1)
  2 frilled lizards (D:1)
  2 rats (D:1)
32 creatures vanquished.

Notes
Turn   | Place    | Note
-------+----------+-------------------------------------------
     0 | D:1      | Maratek the Gnoll Fighter began the quest for the Orb.
     0 | D:1      | Reached XP level 1. HP: 23/23 MP: 1/1
   128 | D:1      | Reached XP level 2. HP: 25/29 MP: 2/2
   539 | D:1      | Found a faded altar of an unknown god.
   544 | D:1      | Reached XP level 3. HP: 31/35 MP: 3/3
   722 | D:1      | Found Ygrom's Antique Armour Shoppe.
   957 | D:2      | Got the Lectures on Reformed Production
   973 | D:2      | Reached skill level 1 in Invocations
  1518 | D:3      | Reached skill level 1 in Short Blades
  1518 | D:3      | Reached skill level 1 in Long Blades
  1518 | D:3      | Reached skill level 1 in Maces & Flails
  1518 | D:3      | Reached skill level 1 in Polearms
  1518 | D:3      | Reached skill level 1 in Staves
  1518 | D:3      | Reached skill level 1 in Ranged Weapons
  1518 | D:3      | Reached skill level 1 in Throwing
  1518 | D:3      | Reached skill level 1 in Dodging
  1518 | D:3      | Reached skill level 1 in Stealth
  1518 | D:3      | Reached skill level 1 in Unarmed Combat
  1518 | D:3      | Reached skill level 1 in Spellcasting
  1518 | D:3      | Reached skill level 1 in Evocations
  1547 | D:3      | Reached skill level 1 in Shapeshifting
  1547 | D:3      | Reached XP level 4. HP: 31/41 MP: 5/5
  1552 | D:3      | HP: 1/41 [gnoll/+0 spear (5)]
  1553 | D:3      | Slain by a gnoll

Illustrated notes

Levels and vault maps discovered:
D:1:      orjb1_lava_funnel, layout_basic,
          hellmonk_ecumenical_altar_slurped_away, serial_shops,
          nicolae_lakefront_shop, minmay_pentomino_t4
D:2:      layout_loops_ring
D:3:      layout_basic, serial_shops, shop, nicolae_shop_tiny_statue_garden,
          shop, shop, shop

Skill      XL: |  1  2  3 |
---------------+----------+-----
Invocations    | 1 |  1.1
Short Blades   | 1 |  1.0
Long Blades    | 1 |  1.0
Maces & Flails | 1 |  1.0
Polearms       | 1 |  1.0
Staves         | 1 |  1.0
Ranged Weapons | 1 |  1.0
Throwing       | 1 |  1.0
Dodging        | 1 |  1.0
Stealth        | 1 |  1.0
Unarmed Combat | 1 |  1.0
Spellcasting   | 1 |  1.0
Evocations     | 1 |  1.0
Shapeshifting  | 1 |  1.0
Fighting       | |  6.6
Axes           | |  4.6
Armour         | |  6.6
Shields        | |  6.6
Conjurations   | |  0.8
Hexes          | |  0.8
Summonings     | |  0.8
Necromancy     | |  0.8
Translocations | |  0.8
Transmutations | |  0.8
Fire Magic     | |  0.8
Ice Magic      | |  0.8
Air Magic      | |  0.8
Earth Magic    | |  0.8
Poison Magic   | |  0.8

Action                     |  1- 3 |  4- 6 || total
---------------------------+-------+-------++-------
  Melee: War axe           |    83 |     5 ||    88
         Bite              |    13 |       ||    13
    Use: Potion            |       |     1 ||     1
 Armour: Scale mail        |    42 |     3 ||    45
  Dodge: Dodged            |    43 |     4 ||    47
  Block: Buckler           |    26 |     1 ||    27

Table legend: (Time is in decaauts)
 A = Elapsed time spent in this place.
 B = Non-inter-level travel time spent in this place.
 C = Inter-level travel time spent in this place.
 D = Time resting spent in this place.
 E = Time spent auto-exploring this place.
 F = Levels seen in this place.
 G = Mean time per level.
                   A        B        C        D        E       F      G
               +--------+--------+--------+--------+--------+-----+--------+
         Total |   1578 |   1527 |     51 |    108 |   1180 |   3 |  526.0 |
       Dungeon |   1578 |   1527 |     51 |    108 |   1180 |   3 |  526.0 |
               +--------+--------+--------+--------+--------+-----+--------+

Top non-repeatable levels by time:
     D:1: 791 daAuts
     D:2: 739 daAuts
     D:3: 47 daAuts
